Map: Romanticide LE

Players

TLHarstem (Harstem) - Winner!

  • Race: Protoss Protoss
  • League: Master

ArT

  • Race: Protoss Protoss

Event: DreamHack SC2 Masters 2021 Summer

VOD

Have the link to the VOD?

Description

Time

  • Played on: May 28, 2021, 10 a.m.
  • Length: 6:50

All games in this series

Show
View Real Time Build Order
Export as new Build Order

TLHarstem Protoss - Winner!

Build Orders: Phoenix Opening 

Get SALT Encoding   

  12  0:00  Probe  
  13  0:12  Probe  
  14  0:17  Pylon  
  14  0:24  Probe (Chrono Boost)  
  15  0:36  Probe (Chrono Boost)  
  15  0:37  Gateway  
  16  0:44  Probe (Chrono Boost)  
  16  0:46  Assimilator  
  17  0:51  Probe  
  18  0:57  Assimilator  
  18  1:03  Probe (Chrono Boost)  
  19  1:08  Gateway  
  19  1:13  Probe (Chrono Boost)  
  20  1:19  Probe  
  20  1:25  Cybernetics Core  
  21  1:31  Probe  
  22  1:36  Pylon  
  22  1:43  Probe  
  23  1:55  Probe  
  24  2:01  Stalker  
  24  2:02  Stalker, Warp Gate (Chrono Boost)  
  28  2:14  Pylon  
  28  2:31  Stalker  
  28  2:32  Stalker  
  32  2:49  Nexus  
  32  2:55  Probe  
  33  3:01  Sentry  
  37  3:06  Pylon  
  37  3:08  Probe  
  37  3:11  Shield Battery  
  36  3:20  Probe  
  37  3:29  Twilight Council  
  37  3:32  Probe (Chrono Boost)  
  37  3:36  Phoenix  
  37  3:43  Sentry x2  
  37  3:44  Probe (Chrono Boost)  
  42  3:51  Probe (Chrono Boost)  
  42  3:52  Forge  
  43  3:58  Probe  
  43  4:01  Probe (Chrono Boost)  
  45  4:04  Blink (Chrono Boost)  
  45  4:13  Probe (Chrono Boost)  
  45  4:16  Probe (Chrono Boost)  
  47  4:20  Stalker, Probe (Chrono Boost)  
  47  4:21  Stalker  
  52  4:26  Shield Battery  
  52  4:31  Photon Cannon  
  52  4:34  Probe  
  53  4:44  Stalker x2  
  57  4:45  Probe  
  57  4:47  Probe  
  57  4:59  Pylon  
  58  5:01  Gateway  
  58  5:06  Pylon  
  58  5:08  Stalker  
  58  5:11  Stalker  
  59  5:15  Probe  
  59  5:16  Probe  
  61  5:27  Probe  
  62  5:31  Stalker x2  
  62  5:38  Stalker x2  
  62  5:40  Pylon  
  58  5:44  Stalker x2  
  58  5:46  Probe x2  
  58  5:56  Stalker  
  58  5:57  Gateway  
  58  5:58  Probe  
  58  5:59  Probe  
  58  6:02  Shield Battery  
  60  6:08  Stalker x2  
  60  6:10  Probe  
  60  6:11  Probe  
  66  6:14  Photon Cannon  
  66  6:22  Probe  
  66  6:23  Probe  
  68  6:26  Stalker  
  68  6:29  Pylon  
  62  6:34  Stalker x2, Probe  
  62  6:35  Stalker, Probe  
Show
View Real Time Build Order
Export as new Build Order

ArT Protoss 

Build Orders: Blink Stalkers 

Get SALT Encoding   

  12  0:00  Probe  
  13  0:12  Probe  
  14  0:17  Pylon  
  14  0:25  Probe (Chrono Boost)  
  15  0:37  Probe (Chrono Boost)  
  15  0:38  Gateway  
  16  0:46  Assimilator, Probe (Chrono Boost)  
  17  0:51  Probe  
  17  0:55  Assimilator  
  18  1:03  Probe (Chrono Boost)  
  19  1:09  Gateway  
  19  1:13  Probe (Chrono Boost)  
  19  1:18  Probe  
  21  1:27  Cybernetics Core  
  21  1:30  Probe  
  22  1:37  Pylon  
  22  1:42  Probe  
  23  1:55  Probe  
  24  2:03  Stalker x2  
  24  2:04  Warp Gate  
  28  2:10  Pylon  
  28  2:36  Twilight Council  
  28  2:38  Stalker x2  
  28  2:44  Probe  
  32  2:52  Gateway  
  32  3:04  Blink (Chrono Boost)  
  32  3:08  Stalker  
  34  3:18  Stalker  
  36  3:27  Shield Battery  
  36  3:34  Pylon  
  36  3:52  Stalker x2  
  40  3:57  Stalker  
  42  4:05  Pylon  
  42  4:17  Stalker  
  42  4:21  Stalker  
  46  4:30  Stalker  
  48  4:41  Stalker  
  50  4:46  Stalker  
  52  4:55  Stalker  
  52  5:00  Pylon  
  52  5:05  Adept  
  54  5:13  Stalker  
  54  5:20  Stalker  
  54  5:41  Stalker x2  
  50  5:53  Stalker  
  52  6:05  Stalker x2  
  54  6:16  Stalker  
  56  6:18  Pylon  
  46  6:37  Stalker x2  
Tags
 
Add a new tag
Caveats
  • Supply blocks, unpowered buildings, or Contaminate may cause inaccurate times.
  • Supply counts are checked every 10 seconds.